 Dungeon Crawl Stone Soup version 0.23.0-33-g5e6c059 (webtiles) character file.

Game seed: 16964451739149475815

650 Fang the Skirmisher (level 7, -5/44 HPs)
             Began as a Gargoyle Berserker on Feb 26, 2019.
             Was a Priest of Trog.
             Slain by an ogre
             ... wielding a cursed -3 giant club
              (20 damage)
             ... on level 5 of the Dungeon.
             The game lasted 00:03:07 (3823 turns).

Fang the Skirmisher (Gargoyle Berserker)            Turns: 3823, Time: 00:03:07

Health: -5/44      AC: 13    Str: 22    XL:     7   Next: 53%
Magic:  7/7        EV:  9    Int:  8    God:    Trog [***...]
Gold:   230        SH:  0    Dex:  9    Spells: 6/6 levels left

rFire    . . .     SeeInvis +   a - +0 hand axe
rCold    . . .     Gourm    .   (no shield)
rNeg     + . .     Faith    .   d - +0 scale mail
rPois    ∞         Spirit   .   w - +0 helmet {SInv}
rElec    +         Reflect  .   (no cloak)
rCorr    .         Harm     .   (no gloves)
MR       +....                  (no boots)
Stlth    ..........             (no amulet)
HPRegen  0.14/turn              j - -2 ring of evasion (curse)
MPRegen  0.10/turn              t - ring of protection from magic

@: berserk cooldown, slowed, very slow
A: negative energy resistance 1, electricity resistance, unbreathing,
petrification resistance, rot immunity, AC +4
a: Berserk, Trog's Hand, Renounce Religion


You were on level 5 of the Dungeon.
You worshipped Trog.
Trog was most pleased with you.
You were very hungry.

You visited 1 branch of the dungeon, and saw 5 of its levels.

You collected 230 gold pieces.

Inventory:

Hand Weapons
 a - a +0 hand axe (weapon)
Armour
 d - a +0 scale mail (worn)
 w - a +0 helmet of see invisible (worn)
Jewellery
 g - a +1 ring of protection
 j - a cursed -2 ring of evasion (left hand)
 t - a ring of protection from magic (right hand)
Wands
 o - a wand of polymorph (9)
 x - a wand of acid (11)
Scrolls
 b - 2 scrolls of teleportation {unknown}
 e - a scroll of magic mapping {unknown}
 f - a scroll of random uselessness {unknown}
 h - a scroll of enchant armour {unknown}
 i - 3 scrolls of identify {unknown}
 m - 3 scrolls of remove curse {unknown}
 r - a scroll of noise {unknown}
 v - a scroll of blinking {unknown}
Potions
 k - 3 potions of curing {unknown}
 l - 2 potions of brilliance {unknown}
 n - a potion of haste {unknown}
 p - a potion of agility {unknown}
 q - a potion of heal wounds {unknown}
 s - a potion of cancellation {unknown}
Comestibles
 c - 7 rations


   Skills:
 + Level 5.4 Fighting
 + Level 4.5 Axes
 + Level 4.8 Armour
 + Level 3.5 Dodging


You had 6 spell levels left.
You didn't know any spells.
Your spell library was empty.

Dungeon Overview and Level Annotations

Branches:
Dungeon (5/15)
 Temple: D:4-7

Altars:
Ashenzari
Elyvilon
Hepliaklqana
Vehumet

Shops:
D:5 (


Innate Abilities, Weirdness & Mutations

You are resistant to torment.
Your stone body is resilient. (AC +4)
You are immune to poison.
You resist negative energy. (rN+)
You are resistant to electric shocks. (rElec)
You can survive without breathing.
You are immune to petrification.
You are immune to rotting.


Message History

You feel your anger nearly subside.
You are no longer berserk.
You are exhausted.
You feel yourself slow down.
You see here a hound corpse.
You butcher the hound corpse.
Things that are here:
2 chunks of flesh; a hound skeleton The water moccasin bites you but does no damage.
An adder skeleton comes into view.
The water moccasin bites you but does no damage.
The water moccasin bites you but does no damage.
Found a spear.
The water moccasin bites you but does no damage.
The adder skeleton bites you but does no damage.
You hit the adder skeleton.
The adder skeleton is moderately damaged.
You slash the ogre! You barely miss the water moccasin.
The water moccasin closely misses you.
The ogre hits you with a cursed -3 giant club!!
You die...

...............
....)..........
...............
#................
#................
#................
#........Z.......
#........@.......
#........SO......
#................
#......%.........
#................
#................
#.............[..
#.............∩..
#................


You could see a water moccasin, an ogre and an adder skeleton.

Vanquished Creatures
  A hornet zombie (D:5)
  3 hounds
  3 orc priests
  2 orc wizards
  Jessica (D:2)
  Natasha (thrice) (D:3)
  3 worker ants (D:4)
  7 adders
  An ooze (D:1)
  3 worms
  3 leopard geckos
  9 orcs
  A ball python (D:3)
  8 goblins
  7 hobgoblins
  8 jackals
  5 kobolds
  4 quokkas
  5 bats
  4 frilled lizards
  A quokka skeleton (D:4)
  6 rats
88 creatures vanquished.

Notes
Turn   | Place    | Note
-------+----------+-------------------------------------------
     0 | D:1      | Fang the Gargoyle Berserker began the quest for the Orb.
     0 | D:1      | Reached XP level 1. HP: 14/14 MP: 1/1
   246 | D:1      | Reached XP level 2. HP: 10/19 MP: 2/2
   875 | D:2      | Reached XP level 3. HP: 20/24 MP: 3/3
   915 | D:2      | Noticed Jessica
   922 | D:2      | Killed Jessica
   922 | D:2      | Reached XP level 4. HP: 19/29 MP: 4/4
   933 | D:2      | Reached ** piety under Trog
  1166 | D:2      | Found a faded altar of an unknown god.
  1238 | D:2      | Found a hazy altar of Hepliaklqana.
  1615 | D:3      | Reached skill level 4 in Fighting
  1824 | D:3      | Found a white marble altar of Elyvilon.
  1833 | D:3      | Found a shattered altar of Ashenzari.
  1842 | D:3      | Found a radiant altar of Vehumet.
  1977 | D:3      | Reached XP level 5. HP: 11/33 MP: 5/5
  2349 | D:3      | Noticed Natasha
  2355 | D:3      | Killed Natasha
  2555 | D:3      | Noticed Natasha
  2568 | D:3      | Killed Natasha
  2630 | D:3      | Noticed Natasha
  2652 | D:3      | Killed Natasha
  2652 | D:3      | Reached XP level 6. HP: 32/39 MP: 6/6
  2819 | D:4      | Reached *** piety under Trog
  2873 | D:4      | HP: 3/60 [orc priest/divine providence (12)]
  2879 | D:4      | HP: 1/60 [orc priest/+0 mace (3)]
  3185 | D:4      | Reached skill level 5 in Fighting
  3185 | D:4      | Reached XP level 7. HP: 39/44 MP: 7/7
  3781 | D:5      | Entered Level 5 of the Dungeon
  3795 | D:5      | Found Syafuc's Weapon Shoppe.
  3823 | D:5      | Slain by an ogre

Skill      XL: |  1  2  3  4  5  6 |
---------------+-------------------+-----
Axes           | 3 4 |  4.5
Dodging        | 2 3 |  3.5
Armour         | 3 4 |  4.8
Fighting       | 4 5 |  5.4

Action                   |  1- 3 |  4- 6 |  7- 9 || total
-------------------------+-------+-------+-------++-------
Melee: Hand axe          |    56 |   244 |    68 ||   368
Invok: Berserk           |       |     3 |     1 ||     4
  Eat: Chunk             |       |    10 |     2 ||    12
Armor: Animal skin       |     3 |       |       ||     3
       Scale mail        |    17 |   165 |    65 ||   247
       Skin              |       |    19 |       ||    19
Dodge: Dodged            |    36 |   119 |    41 ||   196
